 Dungeon Crawl Stone Soup version 0.31-a0-640-g39d97e502b (webtiles) character file.

Game seed: 1105337126527132048

352 DocEon the Changeling (level 6, -4/47 HPs)
             Began as a Draconian Shapeshifter on Aug 28, 2023.
             Was an Initiate of Gozag.
             Slain by an ogre
             ... wielding a +0 giant club
              (31 damage)
             ... on level 4 of the Dungeon.
             The game lasted 00:03:47 (4208 turns).

DocEon the Changeling (Draconian Shapeshifter)      Turns: 4208, Time: 00:03:47

Health: -4/47      AC:  6    Str: 19    XL:     6   Next: 35%
Magic:  6/6        EV: 12    Int: 10    God:    Gozag
Gold:   137        SH:  0    Dex: 10    Spells: 5/5 levels left

rFire   . .          .
                       - Unarmed
rCold   . . .        (no shield)
rNeg    . . .        (body armour unavailable)
rPois   .            (helmet currently unavailable)
rElec   .            (cloak currently unavailable)
rCorr   .            (gloves currently unavailable)
SInv    .            (boots currently unavailable)
Will    .....        (no amulet)
Stlth   +            (no ring)
HPRegen 0.27/turn    (no ring)
MPRegen 0.10/turn

%: no passive effects
@: beast-form
A: beast (slay +3), AC +6, unfitting armour, cold-blooded
a: Begin Untransformation, Renounce Religion, Potion Petition, Call Merchant,
Bribe Branch


You were on level 4 of the Dungeon.
You worshipped Gozag.
Gozag was aware of your devotion.
You were a hulking beast.
You visited 2 branches of the dungeon, and saw 5 of its levels.

You collected 278 gold pieces.
You spent 63 gold pieces at shops.
You paid 78 gold pieces to Gozag.

Inventory:

Armour
 m - a +0 pair of gloves
Talismans
 b - a beast talisman (active)
 c - a flux talisman
Scrolls
 l - a scroll of identify {unknown}
Potions
 a - 2 potions of lignification
 d - a potion of invisibility {unknown}
 e - a potion of haste {unknown}
 f - 2 potions of resistance {unknown}
 g - 3 potions of curing {unknown}
 h - 2 potions of brilliance {unknown}
 i - a potion of cancellation {unknown}
 j - a potion of heal wounds {unknown}
 k - a potion of enlightenment {unknown}


   Skills:
 - Level 1.1 Fighting
 - Level 1.7 Dodging
 - Level 3.0 Unarmed Combat
 * Level 6.7 Shapeshifting


You had 5 spell levels left.
You didn't know any spells.
Your spell library contained the following spells:

 Spells                   Type           Power      Damage    Failure   Level
 Apportation              Tloc           0%         N/A       36%         1
 Sandblast                Erth           0%         2d4       36%         1
 Passwall                 Tmut/Erth      0%         N/A       50%         2
 Poisonous Vapours        Pois/Air       0%         N/A       50%         2
 Mephitic Cloud           Conj/Pois/Air  0%         N/A       75%         3
 Stone Arrow              Conj/Erth      0%         3d7       75%         3
 Alistair's Intoxication  Tmut/Pois      0%         N/A       100%        5
 Freezing Cloud           Conj/Ice/Air   0%         6-21      100%        5


Dungeon Overview and Level Annotations

Branches:
Dungeon (4/15)             Temple (1/1) D:4

Altars:
Ashenzari
Elyvilon
Fedhas
Gozag
Kikubaaqudgha
Nemelex Xobeh
Okawaru
Qazlal
Sif Muna
Trog
Uskayaw
Wu Jian
Zin

Shops:
D:4 [

Annotations:
D:4 Blork the orc


Innate Abilities, Weirdness & Mutations

You are a hulking beast.
Your limbs bulge with bestial killing power. (Slay +3)
Your plain brown scales are hard. (AC +6)
You cannot fit into any form of body armour.
You are cold-blooded and may be slowed by cold attacks.


Message History

The adder is almost dead.
You feel sick. The adder bites you but does no damage.
An adder is nearby!
You hit the adder.
You kill the adder!
You feel sick.
You feel sick.
You feel sick.
You feel sick.
You are no longer poisoned.
HP restored.
You now have 133 gold pieces (gained 5).
A ball python comes into view.
A ball python is nearby!
A ball python is nearby!
The ball python bites you. The ball python grabs you.
The ball python constricts you.
A ball python is nearby!
A ball python is nearby!
You punch the ball python!
You kill the ball python!
You now have 137 gold pieces (gained 4).
An ogre comes into view. It is wielding a +0 giant club.
The ogre hits you with a +0 giant club!!
The ogre attacks as it pursues you! The ogre barely misses you.
You hit the ogre. You tail-slap the ogre.
The ogre is lightly wounded.
You hit the ogre.
The ogre is lightly wounded.
The ogre closely misses you.
You barely miss the ogre.
The orc shouts!
You tail-slap the ogre.
The ogre is moderately wounded.
You punch the ogre! You tail-slap the ogre!
The ogre is severely wounded.
The ogre hits you with a +0 giant club!!
Ouch! That really hurt!
You die...
Your body crumbles into a pile of gold.

...++....#.# #.#...
...##....#.####.#.###
...#................
##.#.....#o####.#.#####
...............>.<....#
.#.#.#####.#..#.#####.#
.#.#.# #.#........#
.#.#.# #.##.#.###.#
.#.#.# #....#.hO..#
.#[#.##########.#####.#
.#.#..................#
+#.############.#######
...# #.# ...# #.# ...#
#.# ...# #.# ...##
###.#


You could see an ogre and an orc.

Vanquished Creatures
  A phantom (D:3)
  A hound (D:4)
  An orc priest (D:3)
  A sleepcap (D:4)
  An iguana (D:3)
  5 adders
  3 worms
  2 dart slugs
  13 orcs (D:3)
  11 bats
  4 endoplasms
  4 giant cockroaches
  8 hobgoblins
  6 jackals
  3 quokkas
  9 ball pythons
  3 frilled lizards
  9 goblins
  9 kobolds
  4 rats
98 creatures vanquished.

Notes
Turn   | Place    | Note
-------+----------+-------------------------------------------
     0 | D:1      | DocEon the Draconian Shapeshifter began the quest for the
                  | Orb.
     0 | D:1      | Reached XP level 1. HP: 16/16 MP: 1/1
   152 | D:1      | Reached XP level 2. HP: 23/23 MP: 2/2
   417 | D:1      | Reached skill level 4 in Shapeshifting
   604 | D:2      | Reached XP level 3. HP: 23/28 MP: 3/3
  1143 | D:2      | Reached XP level 4. HP: 35/35 MP: 4/4
  1523 | D:3      | Found an ancient bone altar of Kikubaaqudgha.
  1731 | D:3      | Reached skill level 5 in Shapeshifting
  2166 | D:3      | Reached XP level 5. HP: 27/40 MP: 5/5
  3101 | D:4      | Noticed Blork the orc
  3483 | D:3      | HP: 2/40 [frozen (5)]
  3635 | D:4      | Noticed a phantom
  3662 | D:3      | Killed a phantom
  3663 | D:3      | Reached skill level 6 in Shapeshifting
  3663 | D:3      | Reached XP level 6. HP: 31/47 MP: 6/6
  3942 | D:4      | Found a staircase to the Ecumenical Temple.
  3950 | Temple   | Entered the Ecumenical Temple
  3985 | Temple   | Became a worshipper of Gozag Ym Sagoz the Greedy
  4047 | D:4      | Found Vuprup's Armour Shop.
  4054 | D:4      | Bought a +0 pair of gloves for 63 gold pieces
  4208 | D:4      | Slain by an ogre

Illustrated notes

Levels and vault maps discovered:
D:1:      dpeg_arrival_orchard, layout_rooms
D:2:      layout_basic
D:3:      layout_basic, lemuel_crystal_altar, kennysheep_cross_bottleneck
D:4:      layout_basic, minmay_temple_entry_hall, serial_shops, shop,
          uniq_blork_the_orc
Temple:   nicolae_temple_godzebo

Skill      XL: |  1  2  3  4  5 |
---------------+----------------+-----
Shapeshifting  | 4 5 6 |  6.7
Fighting       | |  1.1
Dodging        | |  1.7
Unarmed Combat | |  3.0

Action                     |  1- 3 |  4- 6 || total
---------------------------+-------+-------++-------
  Melee: Unarmed           |   115 |   188 ||   303
         Tailslap          |     9 |    26 ||    35
         Punch             |       |     1 ||     1
    Use: Scroll            |       |     5 ||     5
   Stab: Distracted        |       |     1 ||     1
 Armour: Skin              |    28 |    55 ||    83
  Dodge: Dodged            |    83 |   124 ||   207

Table legend: (Time is in decaauts)
 A = Elapsed time spent in this place.
 B = Non-inter-level travel time spent in this place.
 C = Inter-level travel time spent in this place.
 D = Time resting spent in this place.
 E = Time spent auto-exploring this place.
 F = Levels seen in this place.
 G = Mean time per level.
                   A        B        C        D        E       F      G
               +--------+--------+--------+--------+--------+-----+--------+
         Total |   4207 |   4078 |    129 |   1192 |   2127 |   5 |  841.4 |
       Dungeon |   4142 |   4041 |    101 |   1192 |   2127 |   4 | 1035.5 |
        Temple |     64 |     36 |     28 |      0 |      0 |   1 |   64.0 |
               +--------+--------+--------+--------+--------+-----+--------+

Top non-repeatable levels by time:
     D:3: 2077 daAuts
     D:2: 916 daAuts
     D:1: 584 daAuts
     D:4: 565 daAuts
  Temple: 64 daAuts
